 Dungeon Crawl Stone Soup version 0.32-a0-422-g28b100f618 (webtiles) character file.

Game seed: 1765787397243952366

475 lunkers the Cutter (level 7, 0/51 HPs)
             Began as a Coglin Brigand on Feb 21, 2024.
             Splashed by a jelly's acid (9 damage)
             ... on level 4 of the Dungeon.
             The game lasted 00:04:36 (3094 turns).

lunkers the Cutter (Coglin Brigand)                 Turns: 3094, Time: 00:04:37

Health: 0/51       AC: -7    Str: 13    XL:     7   Next: 10%
Magic:  7/7        EV: 12    Int: 10    God:
Gold:   131        SH:  0    Dex: 22    Spells: 6/6 levels left

rFire   . . .        j - +1 dagger (venom) {Harkiran}
rCold   . . .        f - +0 short sword (elec) {Dietrich}
rNeg    . . .        x - +0 robe {Will+}
rPois   .            (no helmet)
rElec   .            h - +2 cloak
rCorr   .            (no gloves)
SInv    .            (no boots)
Will    +....        (no amulet)
Stlth   +++          p - +6 ring of dexterity
HPRegen 0.28/turn    (no ring)
MPRegen 0.10/turn

%: no passive effects
@: corroded, immotile, revved
A: off-hand wielding, slow wielding, warmup strikes, legs shutdown
a: no special abilities


You were on level 4 of the Dungeon.
You visited 1 branch of the dungeon, and saw 4 of its levels.
You also visited: Sewer.

You collected 131 gold pieces.

Inventory:

Hand Weapons
 a - a +2 dagger {Tae}
 f - a +0 short sword of electrocution (offhand) {Dietrich}
 j - a +1 dagger of venom (weapon) {Harkiran}
 o - a +1 mace of draining
Missiles
 d - 14 poisoned darts
 e - 6 curare-tipped darts
Armour
 b - a +0 robe
 h - a +2 cloak (worn)
 x - a +0 robe of willpower (worn)
Jewellery
 p - a +6 ring of dexterity (left grasper)
Scrolls
 c - a scroll of enchant armour
 l - 2 scrolls of fog
 m - a scroll of poison
Potions
 g - a potion of might
 i - a potion of magic {unknown}
 k - a potion of brilliance {unknown}
 n - 4 potions of curing
 q - a potion of haste {unknown}
 r - a potion of heal wounds {unknown}
 s - a potion of cancellation {unknown}
 t - a potion of invisibility {unknown}
 u - a potion of ambrosia {unknown}
 v - 2 potions of mutation
 z - a potion of resistance {unknown}
 A - 2 potions of enlightenment


   Skills:
 + Level 2.5 Fighting
 * Level 6.4 Short Blades
 - Level 1.7 Throwing
 + Level 1.7 Dodging
 - Level 3.2 Stealth


You had 6 spell levels left.
You didn't know any spells.
Your spell library contained the following spells:

 Spells                   Type           Power      Damage    Failure   Level
 Scorch                   Fire           0%         2d5       50%         2
 Flame Wave               Conj/Fire      0%         2d4       98%         4
 Summon Cactus Giant      Summ           0%         N/A       100%        6


Dungeon Overview and Level Annotations

Branches:
Dungeon (4/15)              Sewer (visited)
 Temple: D:4-7

Altars:

Annotations:
D:4 1 runed translucent door, kd29's ghost, novice MDMo


Innate Abilities, Weirdness & Mutations

You can wield a second weapon in your off-hand.
It takes a long time for you to wield or remove held weapons.
Your first few attacks do less damage.
Attacking and casting redirects power from your legs.


Message History

You hit the jelly with your +1 dagger of venom.
Your graspers burn!
You hit the jelly with your +1 dagger of venom.
The jelly is poisoned.
Your graspers burn!
The jelly is moderately wounded.
You hit the jelly but do no damage. The acid corrodes you!
Your graspers burn!
The jelly hits you. The acid corrodes you!
You are splashed with acid!
A jelly is nearby!
You hit the jelly but do no damage.
The jelly looks as sick as possible!
The acid corrodes you!
Your graspers burn!
* * * LOW HITPOINT WARNING * * *
The jelly is moderately wounded.
You hit the jelly but do no damage.
Your graspers burn!
* * * LOW HITPOINT WARNING * * *
The jelly barely misses you.
Unknown command.
Okay, then.
You hit the jelly with your +0 short sword of electrocution.
Your graspers burn!
* * * LOW HITPOINT WARNING * * *
The jelly is heavily wounded.
You hit the jelly but do no damage.
The jelly looks as sick as possible!
Your graspers burn!
* * * LOW HITPOINT WARNING * * *
You hit the jelly but do no damage.
Your graspers burn!
* * * LOW HITPOINT WARNING * * *
The jelly is heavily wounded.
You hit the jelly but do no damage.
Your graspers burn!
* * * LOW HITPOINT WARNING * * *
The jelly closely misses you.
You hit the jelly but do no damage.
Your graspers burn!
* * * LOW HITPOINT WARNING * * *
The jelly is heavily wounded.
You hit the jelly but do no damage.
The jelly looks as sick as possible!
The acid corrodes you!
Your graspers burn!
* * * LOW HITPOINT WARNING * * *
The jelly hits you.
* * * LOW HITPOINT WARNING * * *
You are splashed with acid!
You die...

#.# #.# ##
###.## ..
#....# #.
#....# #.
#..[.#
########.
#....#
..........
#J@..# ..
#######'
#....##.#
#..
###.#...#
#..
###.....###
#..
#>....###
#.. #.#####
#.. #.# #..
#.# #.. #.#
#..


You could see a jelly (extremely poisoned).

Vanquished Creatures
  A black bear (D:4)
  A kobold brigand (Sewer)
  A scorpion (D:4)
  8 adders
  A river rat (Sewer)
  2 ribbon worms (D:2)
  3 dart slugs
  3 orcs (D:3)
  5 ball pythons
  9 endoplasms
  3 giant cockroaches
  9 hobgoblins
  11 jackals
  10 kobolds
  4 quokkas
  8 bats
  A frilled lizard (D:2)
  7 goblins
  4 rats
91 creatures vanquished.

Notes
Turn   | Place    | Note
-------+----------+-------------------------------------------
     0 | D:1      | lunkers the Coglin Brigand began the quest for the Orb.
     0 | D:1      | Reached XP level 1. HP: 16/16 MP: 1/1
    22 | D:1      | Reached skill level 2 in Short Blades
    59 | D:1      | Reached XP level 2. HP: 17/22 MP: 2/2
   498 | D:1      | Reached skill level 3 in Short Blades
   498 | D:1      | Reached XP level 3. HP: 16/27 MP: 3/3
   969 | D:2      | Found a faded altar of an unknown god.
   975 | D:2      | Reached XP level 4. HP: 33/33 MP: 4/4
   987 | D:2      | Reached skill level 4 in Short Blades
  1482 | D:2      | Reached XP level 5. HP: 35/38 MP: 5/5
  1910 | D:3      | Reached skill level 5 in Short Blades
  2427 | D:4      | Found a runed translucent door.
  2427 | D:4      | Noticed kd29's ghost (novice MDMo)
  2427 | D:4      | Noticed a black bear
  2438 | D:4      | Killed a black bear
  2439 | D:4      | Reached XP level 6. HP: 26/44 MP: 6/6
  2586 | D:4      | Found a glowing drain.
  2591 | Sewer    | Entered a sewer
  2597 | Sewer    | Reached skill level 6 in Short Blades
  2655 | Sewer    | Reached skill level 1 in Dodging
  2734 | Sewer    | Found a glowing silver altar of Zin.
  2892 | D:4      | Reached XP level 7. HP: 44/51 MP: 7/7
  3094 | D:4      | Splashed by a jelly's acid

Illustrated notes

Levels and vault maps discovered:
D:1:      matt_arrival_grand_opening, layout_basic
D:2:      layout_loops_ring, shapermc_ecumenical_altar_starsandcircs
D:3:      layout_basic
D:4:      layout_basic, hellmonk_ghost_happy_afterlife, portal_sewer_entry_e

Skill      XL: |  1  2  3  4  5  6 |
---------------+-------------------+-----
Short Blades   | 2 3 4 5 6 |  6.4
Dodging        | 1 |  1.7
Fighting       | |  2.5
Throwing       | |  1.7
Stealth        | |  3.2

Action                     |  1- 3 |  4- 6 |  7- 9 || total
---------------------------+-------+-------+-------++-------
  Melee: Dagger            |    40 |   107 |    19 ||   166
         Short sword       |    28 |   111 |    21 ||   160
  Throw: Dart              |     6 |       |       ||     6
    Use: Scroll            |       |     8 |     1 ||     9
   Stab: Sleeping          |     7 |     7 |     3 ||    17
         Distracted        |       |     1 |       ||     1
 Armour: Robe              |    21 |    59 |     5 ||    85
  Dodge: Dodged            |    13 |    45 |     7 ||    65

Table legend: (Time is in decaauts)
 A = Elapsed time spent in this place.
 B = Non-inter-level travel time spent in this place.
 C = Inter-level travel time spent in this place.
 D = Time resting spent in this place.
 E = Time spent auto-exploring this place.
 F = Levels seen in this place.
 G = Mean time per level.
                   A        B        C        D        E       F      G
               +--------+--------+--------+--------+--------+-----+--------+
         Total |   3080 |   2970 |    110 |      0 |   2347 |   5 |  616.0 |
       Dungeon |   2809 |   2699 |    110 |      0 |   2174 |   4 |  702.2 |
         Sewer |    271 |    271 |      0 |      0 |    173 |   1 |  271.0 |
               +--------+--------+--------+--------+--------+-----+--------+

Top non-repeatable levels by time:
     D:1: 937 daAuts
     D:2: 711 daAuts
     D:3: 619 daAuts
     D:4: 540 daAuts
   Sewer: 271 daAuts
